 Dungeon Crawl Stone Soup version 0.29-a0-821-g66395355a5 (webtiles) character file.

Game seed: 6626073647574172588

37 scionoferis the Changer (level 3, -1/23 HPs)
             Began as an Octopode Transmuter on July 7, 2022.
             Slain by an adder (2 damage)
             ... on level 2 of the Dungeon.
             The game lasted 00:04:14 (1806 turns).

scionoferis the Changer (Octopode Transmuter)       Turns: 1806, Time: 00:04:14

Health: -1/23      AC:  1    Str:  9    XL:     3   Next: 39%
Magic:  6/6        EV: 13    Int: 17    God:
Gold:   89         SH:  0    Dex: 12    Spells: 6/7 levels left

rFire   . . .      SeeInvis .   b - +0 dagger
rCold   . . .      Faith    .   (no shield)
rNeg    . . .      Spirit   .   (helmet restricted)
rPois   .          Reflect  .   (no amulet)
rElec   .          Harm     .   (no ring)
rCorr   .          Rampage  .   (no ring)
Will    .....                   (no ring)
Stlth   ++........              (no ring)
HPRegen 0.07/turn               (no ring)
MPRegen 0.10/turn               (no ring)
                                (no ring)
                                (no ring)

@: brilliant, lethally poisoned (-1 -> -2)
A: almost no armour, amphibious, 8 rings, camouflage 1, gelatinous body 1,
(nimble swimmer 1), tentacles
a: no special abilities


You were on level 2 of the Dungeon.
You visited 1 branch of the dungeon, and saw 2 of its levels.

You collected 89 gold pieces.

Inventory:

Hand Weapons
 b - a +0 dagger (weapon)
Missiles
 g - 6 boomerangs
Scrolls
 c - 2 scrolls of identify
 d - a scroll of teleportation
Potions
 a - a potion of lignification
 e - a potion of heal wounds {unknown}
 f - a potion of brilliance
 h - a potion of resistance {unknown}


   Skills:
 - Level 1.0 Fighting
 - Level 2.0 Dodging
 - Level 3.0 Unarmed Combat
 + Level 2.5 Spellcasting
 * Level 3.2 Transmutations


You had 6 spell levels left.
You knew the following spells:

 Your Spells              Type           Power      Damage    Failure   Level
a - Beastly Appendage     Tmut           38%        N/A       4%          1

Your spell library contained the following spells:

 Spells                   Type           Power      Damage    Failure   Level
 Wereblood                Tmut           19%        N/A       8%          2
 Spider Form              Tmut/Pois      11%        N/A       28%         3
 Inner Flame              Hex/Fire       3%         N/A       50%         3
 Ice Form                 Ice/Tmut       11%        N/A       67%         4
 Cause Fear               Hex            1%         N/A       88%         4
 Discord                  Hex            1%         N/A       100%        8


Dungeon Overview and Level Annotations

Branches:
Dungeon (2/15)

Altars:

Annotations:
D:2 Sigmund


Innate Abilities, Weirdness & Mutations

You cannot wear most types of armour.
You are amphibious.
You can wear up to eight rings at the same time.
Your skin changes colour to match your surroundings (Stealth+).
Your rubbery body absorbs attacks. (AC +1, EV +1)
((You are camouflaged when in or above water. (Stealth+)))
You have tentacles for arms and can constrict up to eight enemies at once.


Message History

The bat hits you but does no damage. The bat barely misses you. x2
The bat hits you but does no damage. The bat attacks as you move away!
The bat barely misses you. x2
The bat hits you. The bat attacks as you move away!
The bat completely misses you. The bat misses you.
The bat barely misses you. x2
The bat hits you but does no damage. The bat barely misses you. x2
The bat attacks as you move away! The bat misses you. x2
The bat hits you but does no damage. The bat closely misses you.
The bat attacks as you move away! The bat barely misses you.
The bat closely misses you. The bat barely misses you.
The bat closely misses you. The bat barely misses you.
The bat attacks as you move away! The bat misses you.
The adder hisses angrily.
The bat hits you. The bat hits you but does no damage. The bat hits you.
The bat closely misses you. x2
The bat attacks as you move away! The bat closely misses you. The bat hits you.
The bat hits you but does no damage. The adder closely misses you.
You see here a +0 whip.
The bat attacks as you move away! The bat closely misses you. The bat hits you.
The adder closely misses you. The adder bites you.
You are poisoned.
The adder poisons you! The adder attacks as you move away! The adder bites you.
You feel sick. The bat misses you. The adder attacks as you move away!
The adder bites you.
* * * LOW HITPOINT WARNING * * *
x2 You feel sick.
The bat barely misses you.
* * * LOW HITPOINT WARNING * * *
You feel sick. The bat hits you.
* * * LOW HITPOINT WARNING * * *
It was a potion of brilliance.
You feel clever all of a sudden.
* * * LOW HITPOINT WARNING * * *
You feel sick. The bat hits you but does no damage. The adder bites you.
You die...

,*,* *,,* *,,,**,*,,,,,,, ,*,*
*<,* *,,,**,*,,,,,,, ,*,* *,,*
*,,,**,*,,*,,,,
,*,**********,,*********,*,,,,,..
,*,,,,,,,,,,,,,,,,,,,,,,,*,,,,.gg
***********####################g#
,,,,,,,,,,,...................#.#
**#############..b.......####.#$#
,,..............@b.g).{.....#.#.#
,,...♣♣P#.#####..S............#.#
,,,,≈≈♣P≈.## #......†...##.#....
****♣≈≈≈≈♣≈# #..........##.#.#..
,*≈≈PP≈≈≈♣≈♣# #.....(....##.#g###
,*♣≈P≈≈♣≈≈♣≈#########.....#.#.#
**♣≈≈≈P≈PPP♣≈# #.#.#.#.#.#
*≈PPP≈≈≈P≈≈≈≈# #.#.#.#.#{#
**P♣≈P≈≈♣≈≈≈♣# #.#.#.#.#.#


You could see a gnoll, an adder and 2 bats.

Vanquished Creatures
  A dart slug (D:1)
  A ball python (D:1)
  4 bats
  2 endoplasms (D:1)
  3 giant cockroaches
  3 goblins (D:1)
  2 hobgoblins (D:1)
  3 jackals (D:1)
  3 kobolds (D:1)
  2 quokkas (D:1)
  A frilled lizard (D:1)
  5 rats (D:1)
30 creatures vanquished.

Vanquished Creatures (others)
  A plant (D:2)
1 creature vanquished.

Grand Total: 31 creatures vanquished

Notes
Turn   | Place    | Note
-------+----------+-------------------------------------------
     0 | D:1      | scionoferis the Octopode Transmuter began the quest for the
                  | Orb.
     0 | D:1      | Reached XP level 1. HP: 13/13 MP: 3/3
   388 | D:1      | Reached XP level 2. HP: 18/18 MP: 3/5
   864 | D:1      | Reached XP level 3. HP: 22/23 MP: 4/6
   961 | D:1      | Found a faded altar of an unknown god.
  1494 | D:2      | Noticed Sigmund
  1805 | D:2      | HP: 1/23 [bat (1)]
  1806 | D:2      | Slain by an adder

Illustrated notes

Levels and vault maps discovered:
D:1:      minmay_arrival_plants_in_alcoves, layout_basic,
          shapermc_ecumenical_altar_starsandcircs, serial_aquarium,
          aquarium_bridge_island_small [aquarium_subvault_small_open,
          aquarium_subvault_balcony, aquarium_subvault_bridge,
          aquarium_subvault_bridge, aquarium_subvault_bridge],
          aquarium_window_2, aquarium_window_fake, aquarium_view_2c,
          aquarium_view_2e, aquarium_pool_1, minmay_tripent
D:2:      layout_basic, serial_bayou_lake_a, uniq_sigmund

Skill      XL: |  1  2 |
---------------+-------+-----
Transmutations | 3 |  3.2
Fighting       | |  1.0
Dodging        | |  2.0
Unarmed Combat | |  3.0
Spellcasting   | |  2.5

Action                   || total
-------------------------++-------
Melee: Unarmed           ||    12
       Dagger            ||    57
       Constrict         ||    21
       Kick              ||    12
       Tentacles         ||     8
       Punch             ||     3
 Cast: Beastly Appendage ||    13
  Use: Scroll            ||     3
       Potion            ||     1
 Stab: Sleeping          ||     9
Armor: Skin              ||    32
Dodge: Dodged            ||   102

Table legend: (Time is in decaauts)
 A = Elapsed time spent in this place.
 B = Non-inter-level travel time spent in this place.
 C = Inter-level travel time spent in this place.
 D = Time resting spent in this place.
 E = Time spent auto-exploring this place.
 F = Levels seen in this place.
 G = Mean time per level.
                   A        B        C        D        E       F      G
               +--------+--------+--------+--------+--------+-----+--------+
         Total |   1804 |   1707 |     97 |     64 |   1286 |   2 |  902.0 |
       Dungeon |   1804 |   1707 |     97 |     64 |   1286 |   2 |  902.0 |
               +--------+--------+--------+--------+--------+-----+--------+

Top non-repeatable levels by time:
     D:1: 1607 daAuts
     D:2: 197 daAuts
